woodfighter, chaotic female elven Rogue --------- +@.....*| |...|...| |.......| |..f....)# ---%-.---# ##)## ### ### ## ### ### --.----- |<...... |......| |......| |......| -------- woodfighter the Cutpurse Experience level: 5 Strength: 14 Dexterity: 19 Constitution: 13 Intelligence: 10 Wisdom: 9 Charisma: 11 Health: 0(28) Energy: 22(22) Def: 8 Gold: 51 Moves: 2874 Dungeon seed: BIH9a4kyfvu53ClT Game ID: woodfighter_1515863844 Your Inventory: Coins $ - 51 gold pieces Amulets v - an uncursed amulet of ESP (being worn) Weapons a - a +0 elven short sword (weapon in hand) b - 14 +0 elven daggers (in quiver) F - a blessed +3 scimitar named Sword of Redress Armor e - an uncursed +0 dwarvish cloak n - a blessed +0 orcish helm r - a cursed -2 pair of leather gloves z - an uncursed +0 pair of jumping boots (being worn) N - a blessed +2 elven mithril-coat (being worn) Comestibles i - 3 uncursed sprigs of wolfsbane j - 3 uncursed food rations m - an uncursed cram ration I - an uncursed magic bean X - an uncursed eucalyptus leaf Wands h - a wand of opening (0:3) q - a wand of magic missile (0:7) H - a wand of enlightenment (0:11) J - a wand of probing (0:5) Tools g - an uncursed blindfold s - an uncursed sack y - an uncursed lock pick Contents of the sack: 388 gold pieces a [uncursed] scroll of enchant armor a [uncursed] scroll of fire a [uncursed] scroll of identify a [uncursed] scroll of punishment 2 [uncursed] scrolls of scare monster a [uncursed] potion of booze a [uncursed] potion of gain energy an uncursed potion of sickness a [uncursed] potion of speed a [cursed] potion of speed a [uncursed] potion of water Spells and supernatural/magical abilities: Name Level Category Fail Memory W - pray for help -- divine ? -- Y - supernatural jump -- ability ? -- Your skills at the end: Miscellaneous Skills wands [Basic] Weapon Skills dagger [Basic] short sword [Basic] Spellcasting Skills Final Attributes: You were piously aligned. You were sleep resistant. You were telepathic. You had infravision. You were somewhat stealthy. You could jump. You are dead. Vanquished creatures: a rock piercer 7 giant ants a floating eye a dwarf a kobold lord an iguana 2 hill orcs 2 giant bats an orc zombie 3 dwarf zombies a wererat a werejackal 4 hobbits 2 acid blobs a large kobold a gecko a yellow mold 6 garter snakes 2 gnome zombies 5 jackals 2 foxes a kobold 3 newts 2 goblins 5 sewer rats 6 grid bugs a lichen 64 creatures vanquished. Voluntary challenges: You did not cause conflict. You were not invisible. You did not have reflection. You were not displaced. You were an atheist. You used a wielded weapon 66 times, starting on turn 82. You did not apply a unicorn horn. You did not use plumbed fixtures. You did not drink any magical draughts. You were illiterate. You never genocided any monsters. You never polymorphed an object. You never changed form. You used no wishes. You never split a pudding. You never wrote Elbereth's name. You never violated your personal moral code. Dungeon overview: The Dungeons of Doom: levels 1 to 6 Level 1 a long staircase Level 2 a general store Level 3 a weapon shop, a fountain stairs to The Gnomish Mines Level 4 a fountain Level 5 Level 6 (vault) <- You were here The Gnomish Mines: Level 4 stairs to The Dungeons of Doom History has recorded: On T:1 you entered the Dungeons of Doom to retrieve the Amulet of Yendor! On T:50 you reached level 2 of The Dungeons of Doom. On T:374 you reached level 3 of The Dungeons of Doom. On T:654 you advanced to experience level 2. On T:701 you reached level 4 of The Dungeons of Doom. On T:820 you reached level 1 of The Gnomish Mines. On T:1090 you advanced to experience level 3. On T:1460 you advanced to experience level 4. On T:1489 you reached level 5 of The Dungeons of Doom. On T:1719 you reached level 6 of The Dungeons of Doom. On T:2797 you advanced to experience level 5. Score breakdown: Gold: 439 ( 43 points) Experience: 5 levels ( 400 points) Exploration: 6 levels ( 150 points) Discoveries: 19 items ( 950 points) Variety of kills: 27 monsters ( 1350 points) Major goal: (nothing yet) ( 0 points) Survival: died (score multiplied by 3) Total score: 8679 Latest messages: The elven dagger hits the hobbit. You kill the hobbit! b - 6 +0 elven daggers (in quiver). There is a doorway here. There are a few more objects here. You have a little trouble lifting F - a curved sword named Sword of Redress. Your movements are slowed slightly because of your load. You have a little trouble lifting b - a +0 elven dagger (in quiver). Kitty eats a hill orc corpse. You hear someone cursing shoplifters. You stab the dwarf zombie! The dwarf zombie scratches you! You destroy the dwarf zombie! You stab the dwarf zombie! The dwarf zombie scratches you! You destroy the dwarf zombie! You displace kitty. You see here 9 rocks. The kobold lord punches you! You hear someone counting money. You stab the kobold lord. You kill the kobold lord! The door opens. KABOOM!! The door was booby-trapped! You die... Final status: Goodbye woodfighter the Rogue, killed by an explosion... You died in The Dungeons of Doom on dungeon level 6 with 8679 points, and 439 pieces of gold, after 2874 moves. You were level 5 with a maximum of 28 hit points when you died.